3AA
RICHLAND RAILS @ OTTAWA NATIONALS
07/14/2041
 
TOP OF THE 1ST
Richland Rails batting - Pitching for Ottawa Nationals : RHP Jonathan Campbell
Pitching: RHP Jonathan Campbell
Batting: RHB Greg Ge 0-0: Ball
1-0: Ball
2-0: Foul Ball, location: 2F
2-1: Called Strike
2-2: DOUBLE (Line Drive, 89XD, EV 106.2 MPH)
Batting: LHB Emosi Whiu 0-0: Fly out, F8 (Flyball, 8LM, EV 90.6 MPH)
Batting: RHB Ben Russell 0-0: Ball
1-0: Foul Ball, location: 2F
1-1: Ball
2-1: Called Strike
2-2: Foul Ball, location: 2F
2-2: Ball
3-2: Foul Ball, location: 2F
3-2: Ground out 5-3 (Groundball, 56S, EV 75.6 MPH)
Greg Ge to third
Batting: RHB Jon Walker 0-0: Called Strike
0-1: Ball
1-1: Foul Ball, location: 2F
1-2: Foul Ball, location: 2F
1-2: Foul Ball, location: 2F
1-2: Ball
2-2: Ball
3-2: Fly out, F7 (Flyball, 78M, EV 75.0 MPH)
Top of the 1st over - 0 runs, 1 hit, 0 errors, 1 left on base; Richland 0 - Ottawa 0
BOTTOM OF THE 1ST
Ottawa Nationals batting - Pitching for Richland Rails : RHP Liam Bane
Pitching: RHP Liam Bane
Batting: SHB Aristotle Auer 0-0: Called Strike
0-1: Foul Ball, location: 2F
0-2: Ball
1-2: Ball
2-2: Strikes out looking
Batting: RHB Hulama Yani 0-0: Foul Ball, location: 2F
0-1: Ball
1-1: Foul Ball, location: 2F
1-2: Ball
2-2: Ground out 5-3 (Groundball, 56S, EV 86.2 MPH)
Batting: LHB 聲ibal Lima 0-0: Ball
1-0: Ball
2-0: Ball
3-0: Called Strike
3-1: Base on Balls
Batting: RHB Imbart Baars 0-0: Ball
1-0: Called Strike
1-1: Ball
2-1: Foul Ball, location: 2F
2-2: 2-RUN HOME RUN (Flyball, 78XD, EV 110.6 MPH), Distance : 397 ft
Batting: RHB Michael Collier 0-0: Ball
1-0: Called Strike
1-1: Fly out, F7 (Flyball, 7LD, EV 97.5 MPH)
Bottom of the 1st over - 2 runs, 1 hit, 0 errors, 0 left on base; Richland 0 - Ottawa 2
TOP OF THE 2ND
Richland Rails batting - Pitching for Ottawa Nationals : RHP Jonathan Campbell
Batting: RHB Cheng-ho Bu 0-0: Foul Ball, location: 2F
0-1: Fly out, F9 (Flyball, 89D, EV 95.0 MPH)
Batting: RHB Kazuki Takahashi 0-0: SINGLE (Flyball, 78S, EV 88.1 MPH)
Batting: RHB Javier Bot璯 0-0: Ball
Wild Pitch!
Kazuki Takahashi to second
1-0: Ball
Kazuki Takahashi steals 3rd base
2-0: Ground out 5-3 (Groundball, 5L, EV 87.5 MPH)
Batting: RHB Jon Hill 0-0: Fly out, F8 (Flyball, 8RD, EV 91.2 MPH)
Top of the 2nd over - 0 runs, 1 hit, 0 errors, 1 left on base; Richland 0 - Ottawa 2
BOTTOM OF THE 2ND
Ottawa Nationals batting - Pitching for Richland Rails : RHP Liam Bane
Batting: RHB Sallvador Rebola 0-0: Foul Ball, location: 2F
0-1: Ball
1-1: Ball
2-1: Swinging Strike
2-2: Strikes out swinging
Batting: RHB Rob Shannon 0-0: Ball
1-0: Ball
2-0: Ground out 6-3 (Groundball, 6, EV 91.9 MPH)
Batting: RHB Nobuhiko Ohayashi 0-0: Foul Ball, location: 2F
0-1: Foul Ball, location: 2F
0-2: Ball
1-2: Ball
2-2: Ball
3-2: Foul Ball, location: 2F
3-2: Foul Ball, location: 2F
3-2: SINGLE (Groundball, 4D, EV 102.5 MPH)
Batting: RHB Barney Paul 0-0: Ball
1-0: Ball
2-0: Foul Ball, location: 2F
2-1: Ball
3-1: Foul Ball, location: 2F
3-2: Ground out 5-3 (Groundball, 56S, EV 88.8 MPH)
Bottom of the 2nd over - 0 runs, 1 hit, 0 errors, 1 left on base; Richland 0 - Ottawa 2
TOP OF THE 3RD
Richland Rails batting - Pitching for Ottawa Nationals : RHP Jonathan Campbell
Batting: RHB Ted Murphy 0-0: Called Strike
0-1: Ball
1-1: Called Strike
1-2: Ball
2-2: Fly out, F9 (Flyball, 89D, EV 107.5 MPH)
Batting: RHB Greg Ge 0-0: Swinging Strike
0-1: Ball
1-1: Ball
2-1: Called Strike
2-2: Strikes out looking
Batting: LHB Emosi Whiu 0-0: Ball
1-0: Swinging Strike
1-1: Ball
2-1: Foul Ball, location: 2F
2-2: Ball
3-2: Fly out, F8 (Flyball, 8LM, EV 80.6 MPH)
Top of the 3rd over - 0 runs, 0 hits, 0 errors, 0 left on base; Richland 0 - Ottawa 2
BOTTOM OF THE 3RD
Ottawa Nationals batting - Pitching for Richland Rails : RHP Liam Bane
Batting: SHB Aristotle Auer 0-0: Fly out, F7 (Flyball, 78M, EV 93.8 MPH)
Batting: RHB Hulama Yani 0-0: Foul Ball, location: 2F
0-1: Ball
1-1: Ball
2-1: SINGLE (Groundball, 4D, EV 94.4 MPH)
Batting: LHB 聲ibal Lima 0-0: Called Strike
0-1: Ball
1-1: Called Strike
1-2: Ball
2-2: Ball
3-2: Ground out 4-3 (Groundball, 4S, EV 90.6 MPH)
Hulama Yani to second
Batting: RHB Imbart Baars 0-0: Called Strike
0-1: Ball
1-1: Fly out, F3 (Popup, 3SF, EV 70.6 MPH)
Bottom of the 3rd over - 0 runs, 1 hit, 0 errors, 1 left on base; Richland 0 - Ottawa 2
TOP OF THE 4TH
Richland Rails batting - Pitching for Ottawa Nationals : RHP Jonathan Campbell
Batting: RHB Ben Russell 0-0: Ball
1-0: Called Strike
1-1: Ball
2-1: Foul Ball, location: 2F
2-2: Fly out, F9 (Line Drive, 9D, EV 85.6 MPH)
Batting: RHB Jon Walker 0-0: Foul Ball, location: 2F
0-1: Foul Ball, location: 2F
0-2: Fly out, F9 (Flyball, 89S, EV 85.0 MPH)
Batting: RHB Cheng-ho Bu 0-0: Ball
1-0: Ball
2-0: Ball
3-0: Called Strike
3-1: Called Strike
3-2: Fly out, F4 (Popup, 3D, EV 72.5 MPH)
Top of the 4th over - 0 runs, 0 hits, 0 errors, 0 left on base; Richland 0 - Ottawa 2
BOTTOM OF THE 4TH
Ottawa Nationals batting - Pitching for Richland Rails : RHP Liam Bane
Batting: RHB Michael Collier 0-0: Ball
1-0: Ball
2-0: Ball
3-0: Called Strike
3-1: Called Strike
3-2: Foul Ball, location: 2F
3-2: Strikes out swinging
Batting: RHB Sallvador Rebola 0-0: Ball
1-0: Fly out, F8 (Flyball, 8RD, EV 96.9 MPH)
Batting: RHB Rob Shannon 0-0: Foul Ball, location: 2F
0-1: Fly out, F8 (Line Drive, 8RD, EV 90.6 MPH)
Bottom of the 4th over - 0 runs, 0 hits, 0 errors, 0 left on base; Richland 0 - Ottawa 2
TOP OF THE 5TH
Richland Rails batting - Pitching for Ottawa Nationals : RHP Jonathan Campbell
Batting: RHB Kazuki Takahashi 0-0: Ball
1-0: Ball
2-0: Called Strike
2-1: Foul Ball, location: 2F
2-2: Ball
3-2: DOUBLE (Flyball, 89XD, EV 101.2 MPH)
Batting: RHB Javier Bot璯 0-0: Ball
1-0: Swinging Strike
1-1: Fly out, F8 (Flyball, 8RS, EV 72.5 MPH)
Batting: RHB Jon Hill 0-0: Called Strike
Kazuki Takahashi is caught stealing 3rd base 2-5
0-1: Ball
1-1: Foul Ball, location: 2F
1-2: Foul Ball, location: 2F
1-2: Foul Ball, location: 2F
1-2: Foul Ball, location: 2F
1-2: Ground out 5-3 (Groundball, 5S, EV 90.0 MPH)
Top of the 5th over - 0 runs, 1 hit, 0 errors, 0 left on base; Richland 0 - Ottawa 2
BOTTOM OF THE 5TH
Ottawa Nationals batting - Pitching for Richland Rails : RHP Liam Bane
Batting: RHB Nobuhiko Ohayashi 0-0: Ball
1-0: Reached on error, E6 (Groundball, 6M, EV 105.0 MPH)
Batting: RHB Barney Paul 0-0: Called Strike
Nobuhiko Ohayashi steals 2nd base
0-1: Ball
1-1: Ball
2-1: Swinging Strike
2-2: Ball
3-2: Base on Balls
Batting: SHB Aristotle Auer 0-0: Fly out, F8 (Line Drive, 8RD, EV 95.6 MPH)
Batting: RHB Hulama Yani 0-0: Called Strike
0-1: Ball
1-1: Foul Ball, location: 2F
1-2: Fly out, F4 (Popup, 4M, EV 71.9 MPH)
Batting: LHB 聲ibal Lima 0-0: Called Strike
0-1: Ball
1-1: Foul Ball, location: 2F
1-2: Ball
2-2: Fly out, F8 (Flyball, 8LXD, EV 91.9 MPH)
Bottom of the 5th over - 0 runs, 0 hits, 1 error, 2 left on base; Richland 0 - Ottawa 2
TOP OF THE 6TH
Richland Rails batting - Pitching for Ottawa Nationals : RHP Jonathan Campbell
Batting: RHB Ted Murphy 0-0: Called Strike
0-1: Foul Ball, location: 2F
0-2: Foul Ball, location: 2F
0-2: Strikes out swinging
Batting: RHB Greg Ge 0-0: Ball
1-0: Ball
2-0: Ball
3-0: Base on Balls
Pitching: RHP Jim Maxwell
Batting: LHB Emosi Whiu 0-0: Ball
1-0: Called Strike
Greg Ge steals 2nd base
1-1: Fly out, F7 (Flyball, 7LDF, EV 98.8 MPH)
Batting: RHB Ben Russell 0-0: Ground out 5-3 (Groundball, 56S, EV 88.8 MPH)
Top of the 6th over - 0 runs, 0 hits, 0 errors, 1 left on base; Richland 0 - Ottawa 2
BOTTOM OF THE 6TH
Ottawa Nationals batting - Pitching for Richland Rails : RHP Liam Bane
Pitching: LHP Mathis Vial
Batting: RHB Imbart Baars 0-0: Called Strike
0-1: Ball
1-1: Ball
2-1: SINGLE (Groundball, 56D, EV 95.6 MPH)
Batting: RHB Michael Collier 0-0: Ball
1-0: Fly out, F7 (Line Drive, 7S, EV 93.1 MPH)
Batting: RHB Sallvador Rebola 0-0: Foul Ball, location: 2F
0-1: Foul Ball, location: 2F
0-2: Foul Ball, location: 2F
0-2: Hit by Pitch
Imbart Baars to second
Batting: RHB Rob Shannon 0-0: Swinging Strike
0-1: Called Strike
0-2: Ball
1-2: Ball
2-2: Strikes out swinging
Batting: RHB Nobuhiko Ohayashi 0-0: Called Strike
0-1: Called Strike
0-2: Strikes out looking
Bottom of the 6th over - 0 runs, 1 hit, 0 errors, 2 left on base; Richland 0 - Ottawa 2
TOP OF THE 7TH
Richland Rails batting - Pitching for Ottawa Nationals : RHP Jim Maxwell
Batting: RHB Jon Walker 0-0: Foul Ball, location: 2F
0-1: Ground out 4-3 (Groundball, 4, EV 100.0 MPH)
Batting: RHB Cheng-ho Bu 0-0: Ball
1-0: Called Strike
1-1: Ball
2-1: Swinging Strike
2-2: Ball
3-2: Base on Balls
Batting: RHB Kazuki Takahashi 0-0: Ball
1-0: Foul Ball, location: 2F
1-1: Foul Ball, location: 2F
1-2: Fielders Choice at 2nd, 1-4 (Groundball, 15, EV 85.6 MPH)
Batting: RHB Javier Bot璯 0-0: Called Strike
0-1: Ball
1-1: Ball
2-1: Called Strike
2-2: Ball
3-2: Foul Ball, location: 2F
3-2: Ground out 6-3 (Groundball, 6, EV 84.4 MPH)
Top of the 7th over - 0 runs, 0 hits, 0 errors, 1 left on base; Richland 0 - Ottawa 2
BOTTOM OF THE 7TH
Ottawa Nationals batting - Pitching for Richland Rails : LHP Mathis Vial
Batting: RHB Barney Paul 0-0: Ball
1-0: Called Strike
1-1: Ball
2-1: Swinging Strike
2-2: DOUBLE (Flyball, 8LXD, EV 101.2 MPH)
Pitching: RHP Jose Jovellanos
Batting: SHB Aristotle Auer 0-0: Foul Ball, location: 2F
0-1: Foul Ball, location: 2F
0-2: Ball
1-2: Ground out 4-3 (Groundball, 4M, EV 83.8 MPH)
Barney Paul to third
Batting: RHB Hulama Yani 0-0: Foul Ball, location: 2F
0-1: Called Strike
0-2: Ball
1-2: Foul Ball, location: 2F
1-2: Strikes out looking
Batting: LHB 聲ibal Lima 0-0: Ball
1-0: Ball
Wild Pitch!
Barney Paul scores
2-0: Foul Ball, location: 2F
2-1: Ball
3-1: Base on Balls
Batting: RHB Imbart Baars 0-0: Hit by Pitch
聲ibal Lima to second
Batting: RHB Michael Collier 0-0: Ball
1-0: Ball
2-0: Ball
3-0: Base on Balls
聲ibal Lima to third
Imbart Baars to second
Batting: RHB Sallvador Rebola 0-0: Ball
1-0: Fielders Choice at 2nd, 6-4 (Groundball, 56, EV 95.6 MPH)
Bottom of the 7th over - 1 run, 1 hit, 0 errors, 3 left on base; Richland 0 - Ottawa 3
TOP OF THE 8TH
Richland Rails batting - Pitching for Ottawa Nationals : RHP Jim Maxwell
Batting: RHB Jon Hill 0-0: Foul Ball, location: 2F
0-1: Fly out, F9 (Flyball, 9S, EV 93.1 MPH)
Batting: RHB Ted Murphy 0-0: Called Strike
0-1: Ball
1-1: Swinging Strike
1-2: Fly out, F8 (Flyball, 8RS, EV 90.6 MPH)
Batting: RHB Greg Ge 0-0: Ball
1-0: Called Strike
1-1: Fly out, F8 (Line Drive, 8RM, EV 106.2 MPH)
Top of the 8th over - 0 runs, 0 hits, 0 errors, 0 left on base; Richland 0 - Ottawa 3
BOTTOM OF THE 8TH
Ottawa Nationals batting - Pitching for Richland Rails : RHP Jose Jovellanos
Batting: RHB Rob Shannon 0-0: Ball
1-0: Foul Ball, location: 2F
1-1: Ground out 1-3 (Groundball, 13, EV 62.5 MPH)
Batting: RHB Nobuhiko Ohayashi 0-0: Called Strike
0-1: Ball
1-1: Foul Ball, location: 2F
1-2: Foul Ball, location: 2F
1-2: Ball
2-2: Foul Ball, location: 2F
2-2: Ball
3-2: Base on Balls
Pitching: RHP David Weber
Batting: RHB Barney Paul 0-0: Ball
Nobuhiko Ohayashi steals 2nd base
1-0: Foul Ball, location: 2F
1-1: Ball
2-1: Ball
3-1: Called Strike
3-2: Fly out, F8 (Flyball, 8RD, EV 105.0 MPH)
Batting: SHB Aristotle Auer 0-0: Called Strike
0-1: Ground out 4-3 (Groundball, 4, EV 107.5 MPH)
Bottom of the 8th over - 0 runs, 0 hits, 0 errors, 1 left on base; Richland 0 - Ottawa 3
TOP OF THE 9TH
Richland Rails batting - Pitching for Ottawa Nationals : RHP Jim Maxwell
Pitching: RHP Pei Fa
Batting: LHB Emosi Whiu 0-0: Ball
1-0: Foul Ball, location: 2F
1-1: Fly out, F8 (Flyball, 8LM, EV 91.2 MPH)
Batting: RHB Ben Russell 0-0: Swinging Strike
0-1: Ball
1-1: Foul Ball, location: 2F
1-2: Ball
2-2: Fly out, F9 (Flyball, 9LS, EV 81.9 MPH)
Batting: RHB Jon Walker 0-0: Called Strike
0-1: Foul Ball, location: 2F
0-2: Ball
1-2: Strikes out swinging
Top of the 9th over - 0 runs, 0 hits, 0 errors, 0 left on base; Richland 0 - Ottawa 3
Tuesday, January 5th, 2021 - OOTP Baseball 20.8 Build 74